Description

This build seems to have a solid win ratio in silver tier 1 and has worked well against many gold players. It's a fresh build and needs some tweaking

Replay - Stalker Backdoor Blink

Build Order

Get SALT Encoding   

  14  0:20  Pylon  
  15  0:40  Gateway  
  16  0:44  Assimilator  
  17  0:58  Gateway  
  17  1:05  Assimilator  
  19  1:29  Cybernetics Core  
  21  1:42  Gateway  
  21  1:53  Pylon  
  22  1:59  Probe (Chrono Boost)  
  23  2:11  Mothership Core (Chrono Boost)  
  25  2:17  Warp Gate  
  25  2:26  Twilight Council  
  25  2:36  Stalker  
  25  2:37  Stalker  
  29  2:41  Stalker  
  31  2:57  Pylon  
  31  3:10  Pylon, Blink (Chrono Boost)  
  31  3:24  Gateway  
  31  3:25  Gateway  
  31  3:32  Pylon  
  31  4:36  Stalker x3  
  31  4:37  Stalker x2  
  41  4:59  Stalker x2  
  45  5:00  Stalker x3  
  47  5:40  Stalker x5  
Spawning Tool Build Advisor. Get it on Overwolf

Go to:

Details

  • Created by: sackzii
  • Published on: Dec 11, 2016
  • Modified on: Jan 15, 2017
  • Patch: 3.8.0
Show
View Real Time Build Order
Export as new Build Order

Comments (2)

On Dec. 13, 2016, 8:59 p.m., StoicLoofah  said:

Thanks for sharing the build. Timings lined up well when I tried it.

The Gateways at 3:24: should those be proxy Gateways, or are those in-base?

On Dec. 12, 2016, 5:03 p.m., legend  said:

http://lotv.spawningtool.com/build/30276/
?

Create an account to comment!